 Dungeon Crawl Stone Soup version 0.18.1-48-g4cf74bf (webtiles) character file.

1582 sarahorange the Chucker (level 9, -2/53 (57) HPs)
             Began as a Halfling Assassin on June 28, 2016.
             Slain by an ogre
             ... wielding a +0 giant club
              (24 damage)
             ... on level 5 of the Dungeon on June 29, 2016.
             The game lasted 01:08:58 (6991 turns).

sarahorange the Chucker (Halfling Assassin)         Turns: 6991, Time: 01:08:59

HP:   -2/53 (57)    AC:  5    Str: 12    XL:     9   Next: 14%
MP:   9/9           EV: 17    Int: 10    God:
Gold: 261           SH:  0    Dex: 18    Spells: 2 memorised, 6 levels left

rFire  + . .     SeeInvis .     a - +2 dagger
rCold  . . .     Gourm    +     r - +0 leather armour
rNeg   . . .     Faith    .     (shield restricted)
rPois  .         Spirit   .     (no helmet)
rElec  .         Dismiss  .     d - +0 cloak
rCorr  .         Reflect  .     k - +0 pair of gloves
SustAt .         Harm     .     (no boots)
MR     .....                    v - amulet of the gourmand
Stlth  ++++......               (no ring)
                                D - ring of protection from fire

@: not resistant to hostile enchantments, stealthy
A: mutation resistance 1
a: no special abilities


You were on level 5 of the Dungeon.
You were very full.

You visited 1 branch of the dungeon, and saw 5 of its levels.

You collected 291 gold pieces.
You spent 30 gold pieces at shops.

Inventory:

Hand Weapons
 a - a +2 dagger (weapon)
 b - a +1 blowgun
 l - a +0 dagger of venom
Missiles
 e - 4 poisoned needles
 f - a curare-tipped needle
 m - 201 stones (quivered)
Armour
 d - a +0 cloak (worn)
 k - a +0 pair of gloves (worn)
 r - a +0 leather armour (worn)
Magical Staves
 t - an uncursed staff of cold
Jewellery
 v - an amulet of the gourmand (around neck)
 D - a ring of protection from fire (left hand)
Wands
 y - a wand of confusion (3/48)
Scrolls
 h - 2 scrolls of magic mapping
 i - 2 scrolls of amnesia
 q - 2 scrolls of remove curse
 A - 2 scrolls of teleportation {unknown}
 E - a scroll of identify
Potions
 c - a potion of flight {unknown}
 j - 2 potions of degeneration {unknown}
 o - a potion of haste {unknown}
 p - a potion of might {unknown}
 s - a potion of heal wounds
 u - a potion of cure mutation {unknown}
 x - a potion of invisibility {unknown}
 C - a potion of curing {unknown}
 G - a potion of brilliance {unknown}
Books
 B - a Young Poisoner's Handbook

   Spells                             Type                      Level
   a - Sting                          Conjuration/Poison           1
   b - Cure Poison                    Poison                       2
   c - Mephitic Cloud                 Conjuration/Poison/Air       3
   d - Olgreb's Toxic Radiance        Poison                       4
   e - Venom Bolt                     Conjuration/Poison           5
 F - a book of Air

   Spells                             Type                      Level
   a - Shock                          Conjuration/Air              1
   b - Swiftness                      Charms/Air                   2
   c - Repel Missiles                 Charms/Air                   2
   d - Static Discharge               Conjuration/Air              3
   e - Lightning Bolt                 Conjuration/Air              5
Comestibles
 g - 2 bread rations
 n - 5 meat rations
 w - 3 beef jerkies


   Skills:
 + Level 3.3 Fighting
 + Level 4.9 Short Blades
 + Level 7.7 Throwing
 + Level 3.1 Armour
 + Level 5.1 Dodging
 + Level 6.5 Stealth
 + Level 0.3 Spellcasting
 + Level 0.1 Conjurations
 + Level 1.1 Poison Magic


You had 6 spell levels left.
You knew the following spells:

 Your Spells              Type           Power        Failure   Level  Hunger
a - Sting                 Conj/Pois      #...         38%         1    ##.....
b - Shock                 Conj/Air       #...         50%         1    ##.....


Dungeon Overview and Level Annotations

Branches:
Dungeon (5/15)
 Temple: D:4-7

Altars:
Fedhas
Qazlal

Shops:
D:4 %

Annotations:
D:5 Edmund, Prince Ribbit


Innate Abilities, Weirdness & Mutations

You are small and have problems with some larger weapons.
You are somewhat resistant to further mutation.


Message History

The ogre completely misses you.
Your leather armour prevents you from hitting the ogre.
The ogre is severely wounded.
You barely miss the ogre.
The ogre is severely wounded.
The ogre barely misses you.
You hit the ogre.
The ogre is almost dead.
You hit the ogre but do no damage.
The ogre is almost dead.
The ogre hits you with a giant club!!
You completely miss the ogre.
The ogre is almost dead.
The ogre hits you with a giant club.
You hit the ogre.
The ogre is almost dead.
You closely miss the ogre.
The ogre is almost dead.
The ogre hits you with a giant club!!
You die...

.....##................#
.#....#......#>.....#..#
........#...#.......#
......#.##.###.....##
.#.#.##/##.# ##...##
.#.#.##.##.# ##.## $#
.#.........# #.####### ##.#
.....[..#### #O....... ..>#
...(....# #@...#### #..#
)#.#.##.########.(#.# #..# #
##.#(............(#.# #..#.#
#.####(########....########(.#.#
#.# #..........#..............#
#.# ##########...#########..###
#.# ##### #..# #.# #..# ##.#
#..#


You could see an ogre.

Vanquished Creatures
  Grinder (D:5)
  Sigmund (D:2)
  Duvessa (D:5)
  A necrophage (D:5)
  2 sky beasts (D:5)
  A centaur (D:5)
  Dowan (D:5)
  A hound (D:4)
  A crimson imp (D:5)
  3 orc priests
  A centaur zombie (D:5)
  A gnoll shaman (D:5)
  Jessica (D:3)
  Ijyb (D:3)
  3 orc wizards
  4 worker ants
  12 adders
  4 gnolls (D:5)
  3 oozes
  3 worms
  2 dart slugs (D:1)
  4 giant geckos
  5 orcs
  6 giant cockroaches
  10 goblins
  7 hobgoblins
  11 jackals
  2 quokkas
  A ball python (D:2)
  11 bats
  A giant cockroach zombie (D:5)
  A giant gecko skeleton (D:5)
  8 giant newts
  11 kobolds
  9 rats
135 creatures vanquished.

Notes
Turn   | Place    | Note
--------------------------------------------------------------
     0 | D:1      | sarahorange the Halfling Assassin began the quest for the Orb.
     0 | D:1      | Reached XP level 1. HP: 14/14 MP: 1/1
   136 | D:1      | Reached XP level 2. HP: 19/19 MP: 2/2
   595 | D:1      | Reached XP level 3. HP: 24/24 MP: 3/3
  1210 | D:2      | Reached skill level 3 in Throwing
  1210 | D:2      | Reached XP level 4. HP: 27/29 MP: 4/4
  1556 | D:2      | Noticed Sigmund
  1692 | D:2      | Reached skill level 5 in Stealth
  1692 | D:2      | Reached XP level 5. HP: 33/34 MP: 5/5
  2120 | D:3      | Found a stormy altar of Qazlal.
  2249 | D:3      | Found a faded altar to an unknown god.
  2390 | D:3      | Noticed Jessica
  2462 | D:3      | Reached skill level 4 in Throwing
  2488 | D:3      | Noticed Ijyb
  2511 | D:3      | Killed Ijyb
  2551 | D:3      | Reached skill level 1 in Armour
  2551 | D:3      | Reached XP level 6. HP: 17/39 MP: 6/6
  2717 | D:2      | Killed Sigmund
  2717 | D:2      | Reached skill level 5 in Throwing
  3041 | D:3      | Reached XP level 7. HP: 12/45 MP: 7/7
  3620 | D:3      | Killed Jessica
  4099 | D:4      | Found Nifriu's Food Boutique.
  4116 | D:4      | Bought a beef jerky for 15 gold pieces
  4116 | D:4      | Bought a beef jerky for 15 gold pieces
  4522 | D:4      | Reached skill level 6 in Throwing
  4693 | D:4      | Learned a level 1 spell: Sting
  4881 | D:5      | Entered Level 5 of the Dungeon
  5145 | D:5      | Reached XP level 8. HP: 51/51 MP: 8/8
  5531 | D:5      | Found a blossoming altar of Fedhas.
  5535 | D:5      | Noticed Prince Ribbit
  5727 | D:5      | Reached skill level 7 in Throwing
  5860 | D:5      | Learned a level 1 spell: Shock
  5887 | D:5      | Noticed Grinder
  5962 | D:5      | Noticed Duvessa
  5981 | D:5      | Noticed Dowan
  5991 | D:5      | Killed Duvessa
  6008 | D:5      | Killed Dowan
  6274 | D:5      | Paralysed by Grinder for 4 turns
  6340 | D:5      | Paralysed by Grinder for 2 turns
  6371 | D:5      | Killed Grinder
  6448 | D:5      | Reached skill level 5 in Dodging
  6448 | D:5      | Reached XP level 9. HP: 25/56 MP: 9/9
  6688 | D:5      | Noticed Edmund
  6772 | D:5      | Reached skill level 1 in Poison Magic
  6991 | D:5      | Slain by an ogre

Skill      XL: |  1  2  3  4  5  6  7  8  9 |
---------------+----------------------------+-----
Fighting       | 2 3 |  3.3
Throwing       | 3 4 5 6 7 |  7.7
Dodging        | 2 3 5 |  5.1
Short Blades   | 3 4 |  4.9
Stealth        | 5 6 |  6.5
Armour         | 1 2 3 |  3.1
Poison Magic   | 1 |  1.1
Spellcasting   | |  0.3
Conjurations   | |  0.1

Action                   |  1- 3 |  4- 6 |  7- 9 || total
-------------------------+-------+-------+-------++-------
Melee: Dagger            |    55 |    88 |   358 ||   501
 Fire: Blowgun           |    50 |    53 |   101 ||   204
Throw: Stone             |     9 |    35 |    78 ||   122
  Use: Scroll            |       |     5 |     4 ||     9
       Potion            |       |       |     2 ||     2
 Stab: Sleeping          |       |     4 |     1 ||     5
  Eat: Chunk             |     1 |     5 |    20 ||    26
       Beef jerky        |       |       |     1 ||     1
Armor: Robe              |    12 |       |       ||    12
       Leather armour    |     1 |    21 |    70 ||    92
       Skin              |       |       |     5 ||     5
Dodge: Dodged            |    43 |    51 |   205 ||   299
